Map: Мир спящих РВ

Players

ИИ 1 (ученик)

  • Race: Terran Terran
  • Spawn Location: 7:00

ИИ 2 (новичок)

  • Race: Terran Terran
  • Spawn Location: 1:00

VOD

Have the link to the VOD?

Description

Time

  • Played on: Aug. 13, 2019, 8:34 p.m.
  • Length: 15:58
Show
View Real Time Build Order
Export as new Build Order

ИИ 1 (ученик) Terran 

Build Orders:  

Get SALT Encoding   

  12  0:01  SCV  
  13  0:13  SCV  
  14  0:17  Supply Depot  
  14  0:25  SCV  
  15  0:39  SCV  
  16  0:43  Barracks  
  16  0:53  Barracks, SCV  
  17  1:08  Barracks, SCV  
  18  1:19  Supply Depot  
  18  1:20  SCV  
  19  1:30  Marine  
  19  1:32  SCV  
  21  1:39  Marine  
  21  1:42  Barracks  
  22  1:48  SCV, Marine  
  24  1:55  Marine  
  24  1:57  Marine  
  24  2:00  SCV  
  27  2:06  Marine  
  28  2:08  Supply Depot  
  28  2:13  Marine  
  29  2:34  Command Center  
  29  2:37  Marine  
  29  2:40  Marine  
  31  2:48  Orbital Command  
  31  2:51  Marine  
  31  2:55  Marine  
  33  2:58  Marine  
  33  3:04  Supply Depot  
  34  3:05  Marine  
  34  3:10  Refinery  
  34  3:12  Marine  
  36  3:16  Marine  
  36  3:19  Marine  
  38  3:23  Marine  
  39  3:31  Barracks  
  39  3:37  Marine  
  39  3:40  Engineering Bay, Marine  
  39  3:44  Marine  
  39  3:48  Marine  
  34  3:55  Marine  
  35  3:58  Marine  
  35  4:02  Marine  
  37  4:05  Marine  
  38  4:12  Marine  
  38  4:16  Marine  
  40  4:18  Marine  
  40  4:20  Marine  
  42  4:24  Supply Depot  
  42  4:26  Marine  
  42  4:27  SCV  
  42  4:30  SCV  
  45  4:34  Marine  
  45  4:38  Marine  
  46  4:39  SCV  
  46  4:42  SCV, Barracks Tech Lab  
  49  4:47  Marine  
  49  4:51  Marine  
  49  4:52  SCV  
  52  4:55  SCV  
  53  5:04  SCV, Marine  
  53  5:05  Barracks  
  53  5:07  SCV, Marine  
  57  5:14  Supply Depot  
  57  5:15  Marine  
  57  5:16  SCV  
  57  5:18  Marine  
  57  5:19  Planetary Fortress  
  60  5:22  Marine  
  60  5:26  Combat Shield  
  60  5:28  SCV  
  62  5:37  Bunker  
  62  5:39  Missile Turret  
  62  5:40  SCV  
  63  5:44  Missile Turret  
  63  5:51  Refinery  
  63  5:55  Refinery  
  63  5:58  Refinery, SCV  
  63  6:00  SCV  
  63  6:02  Marine  
  66  6:06  Marine  
  66  6:09  Marine  
  68  6:13  Marine  
  68  6:15  Supply Depot  
  68  6:17  Marine  
  70  6:19  SCV  
  70  6:20  Marine  
  70  6:22  SCV  
  70  6:25  Marine  
  74  6:29  Factory, Marine  
  74  6:31  SCV  
  76  6:36  Marine  
  76  6:38  Barracks  
  77  6:40  Marine  
  77  6:44  Marine  
  77  6:45  Stimpack  
  79  6:47  Marine  
  79  6:49  SCV  
  79  6:51  Marine  
  79  6:52  SCV  
  83  6:54  Marine  
  83  6:57  Barracks Tech Lab  
  83  6:59  Barracks Tech Lab  
  84  7:01  SCV  
  84  7:03  Barracks Tech Lab  
  85  7:08  Supply Depot, Barracks Tech Lab  
  85  7:09  SCV  
  85  7:12  Factory Tech Lab  
  85  7:14  Barracks Tech Lab  
  86  7:21  Engineering Bay  
  86  7:25  Supply Depot  
  86  7:29  Marine  
  86  7:30  SCV  
  86  7:32  Marine  
  86  7:33  SCV  
  86  7:36  Marine  
  82  7:40  Marine  
  82  7:42  SCV  
  75  7:44  Marine  
  75  7:45  SCV  
  75  7:47  Marine  
  78  7:51  Marine  
  78  7:54  SCV  
  78  7:55  Marine  
  78  7:57  SCV  
  82  7:59  Marine  
  82  8:02  Marine  
  84  8:06  Marine  
  84  8:09  Marine  
  86  8:13  Marine  
  86  8:17  Terran Infantry Weapons Level 1, Marine  
  86  8:18  Barracks  
  88  8:20  Terran Infantry Armor Level 1, Marine  
  88  8:21  Concussive Shells  
  88  8:24  Marine  
  90  8:28  Marine  
  90  8:30  SCV  
  90  8:31  Marine  
  90  8:33  SCV  
  94  8:35  Marine  
  94  8:39  Marauder  
  94  8:40  Supply Depot  
  97  8:43  Marauder, SCV  
  97  8:44  Armory  
  97  8:46  Marauder  
  102  8:52  Starport  
  102  9:00  Factory  
  102  9:02  SCV  
  103  9:04  Marauder  
  103  9:09  Supply Depot  
  105  9:13  SCV, Supply Depot  
  105  9:16  SCV  
  107  9:19  Marauder  
  111  9:31  Marauder, SCV  
  111  9:32  Starport Reactor  
  111  9:34  SCV  
  111  9:35  Marauder  
  117  9:38  Marauder  
  117  9:42  Marauder  
  117  9:43  SCV, Factory Tech Lab  
  122  9:46  Marauder, SCV  
  122  9:49  Supply Depot  
  123  9:52  Missile Turret  
  123  9:59  SCV  
  124  10:00  Starport  
  124  10:05  Marauder  
  126  10:11  Marauder x2  
  126  10:12  Medivac  
  132  10:14  Supply Depot  
  132  10:24  Command Center  
  132  10:27  Medivac  
  107  10:37  Medivac  
  107  10:38  Marauder  
  107  10:39  Marine x2  
  107  10:41  Marine  
  107  10:42  Medivac  
  82  10:43  Marine  
  82  10:44  Marine  
  82  10:45  Marine  
  82  10:47  Marine  
  84  10:57  Marine x2  
  84  10:58  Marine  
  84  10:59  Marine  
  84  11:00  Marine  
  84  11:02  Marine  
  84  11:03  Marauder  
  92  11:05  Marauder  
  86  11:15  Marauder  
  86  11:17  Marauder  
  90  11:19  Marauder  
  90  11:21  Marauder  
  90  11:25  Marauder  
  96  11:26  Marauder  
  98  11:37  Marauder  
  98  11:38  Marauder  
  102  11:40  Marauder  
  102  11:42  Marauder, Siege Tank  
  109  11:48  Siege Tank  
  112  12:00  Command Center  
  112  12:14  Siege Tank  
  115  12:20  Siege Tank  
  118  12:27  Viking  
  120  12:30  Viking  
  120  12:35  Viking  
  124  12:44  Terran Infantry Weapons Level 2  
  124  12:47  Siege Tank  
  124  12:48  Terran Infantry Armor Level 2  
  127  12:52  Siege Tank  
  127  12:57  Viking, Barracks  
  132  13:02  Factory  
  132  13:05  Bunker  
  132  13:06  Refinery  
  132  13:08  Starport Reactor, Refinery  
  132  13:11  Missile Turret  
  132  13:19  Siege Tank  
  135  13:24  Siege Tank  
  138  13:28  Planetary Fortress, Barracks  
  138  13:29  Refinery  
  138  13:31  Refinery  
  138  13:33  Missile Turret  
  138  13:36  Missile Turret  
  138  13:37  Bunker  
  138  13:40  Missile Turret  
  138  13:42  Marine  
  138  13:44  Missile Turret, Marine  
  138  13:46  Factory Tech Lab  
  140  13:52  Marine  
  140  13:53  Factory  
  140  13:54  Marine  
  139  13:58  Marine x2  
  139  14:00  Marine  
  139  14:01  Marine  
  129  14:04  Marine  
  125  14:17  Command Center  
  125  14:18  Marine  
  125  14:20  Marine  
  125  14:21  Marine  
  125  14:22  Marine  
  129  14:26  Marauder  
  129  14:29  Marauder  
  133  14:32  Marauder  
  133  14:35  Marauder  
  135  14:41  Marauder x2  
  129  14:48  Marauder  
  129  14:50  Marauder  
  133  14:53  Marauder  
  133  14:56  Hellion  
  133  14:57  Marauder  
  139  15:01  Hellion  
  139  15:02  Hellion  
  139  15:06  Marauder  
  143  15:10  Hellion  
  145  15:18  Cyclone  
  148  15:22  Cyclone  
  148  15:24  Cyclone  
  148  15:28  Supply Depot  
  154  15:32  Hellion  
  156  15:41  Command Center  
Show
View Real Time Build Order
Export as new Build Order

ИИ 2 (новичок) Terran 

Build Orders: 2 Factory, Mech 

Get SALT Encoding   

  12  0:00  SCV  
  13  0:13  SCV  
  14  0:18  Supply Depot  
  14  0:25  Refinery  
  14  0:27  SCV  
  15  0:40  SCV  
  16  0:47  Barracks  
  16  0:52  SCV  
  17  1:04  SCV, Supply Depot  
  18  1:15  Refinery  
  18  1:16  SCV  
  19  1:35  Orbital Command  
  19  1:41  Factory  
  19  1:43  Marine  
  20  2:01  Marine  
  20  2:03  Factory  
  20  2:05  SCV  
  22  2:17  SCV  
  22  2:19  Marine  
  24  2:24  Factory Tech Lab  
  24  2:29  Factory  
  24  2:30  SCV  
  25  2:37  Marine  
  25  2:43  Siege Tank  
  29  2:51  Supply Depot, Factory Tech Lab  
  29  2:55  SCV  
  29  2:56  Marine  
  31  3:12  Siege Tank  
  34  3:15  Supply Depot  
  34  3:16  SCV  
  34  3:19  Factory Tech Lab  
  35  3:22  Barracks Tech Lab  
  37  3:27  Hellion  
  37  3:39  Siege Tank  
  40  3:46  Supply Depot, Marine  
  40  3:49  SCV  
  41  4:04  Marine  
  41  4:06  Siege Tank  
  41  4:08  SCV, Engineering Bay  
  46  4:14  Hellion  
  48  4:22  Marine  
  49  4:28  Siege Tank  
  49  4:29  Supply Depot  
  52  4:31  SCV  
  53  4:40  Barracks, Marine  
  54  4:48  Armory  
  54  4:58  Marauder  
  56  5:01  Supply Depot  
  56  5:02  SCV  
  56  5:07  Hellion  
  58  5:14  Hellion  
  60  5:21  Marauder  
  62  5:28  Siege Tank  
  62  5:30  Concussive Shells  
  65  5:37  Hellion  
  67  5:44  Hellion  
  67  5:46  Barracks Tech Lab  
  67  5:48  SCV  
  70  5:56  Supply Depot  
  70  6:28  Starport  
  70  6:32  Barracks  
  70  6:35  Command Center, Supply Depot  
  70  7:00  Starport  
  70  7:04  Starport  
  70  7:05  Starport Tech Lab  
  70  7:11  Marine  
  71  7:18  Marauder, Barracks Tech Lab  
  73  7:23  Medivac  
  77  7:30  Marauder  
  77  7:36  Medivac  
  60  7:39  Marine  
  60  7:40  Starport Tech Lab, Marine  
  45  7:51  Marine  
  40  7:57  Siege Tank  
  43  8:06  Refinery  
  43  8:11  Hellion  
  45  8:16  Hellion  
  47  8:28  Marine  
  47  8:29  Siege Tank  
  47  8:33  Marine  
  52  8:38  Marine  
  53  8:45  Refinery  
  53  8:46  Marine  
  54  8:51  Marine  
  55  8:56  Marauder  
  57  9:03  Siege Tank  
  57  9:04  Marauder  
  57  9:08  Siege Tank  
  65  9:14  Hellion  
  67  9:23  SCV  
  68  9:30  SCV  
  69  9:34  Marine  
  69  9:35  Hellion  
  69  9:38  SCV  
  73  9:39  Marine  
  73  9:45  SCV, Marine  
  76  9:52  SCV, Marine  
  78  9:55  Hellion  
  78  9:59  SCV  
  81  10:00  Marine  
  81  10:06  SCV, Marine  
  84  10:11  Marine  
  84  10:14  SCV  
  86  10:18  Marine  
  86  10:20  Supply Depot  
  86  10:21  SCV  
  88  10:23  Marine  
  88  10:28  SCV  
  90  10:29  Marauder  
  85  10:36  Marauder, SCV  
  85  10:42  Marauder, Hellion  
  82  10:47  Hellion  
  84  10:52  Hellion  
  84  10:53  SCV  
  87  10:57  Marine  
  87  11:00  SCV  
  87  11:02  Marine  
  90  11:06  Supply Depot  
  90  11:07  SCV, Marine  
  92  11:14  SCV  
  92  11:15  Marine  
  94  11:20  Marine  
  94  11:25  Marine  
  95  11:32  Siege Tank  
  98  11:33  Marauder, Supply Depot  
  98  11:37  Siege Tank  
  103  11:43  Siege Tank  
  106  11:47  Marine  
  107  12:01  Supply Depot  
  107  12:05  Hellion  
  108  12:10  Hellion  
  108  12:15  Hellion  
  112  12:23  Medivac  
  112  12:24  Medivac  
  112  12:25  Supply Depot  
  112  12:26  Hellion  
  118  12:31  Hellion  
  118  12:36  Hellion  
  122  12:47  Siege Tank  
  122  12:50  Barracks, Marauder  
  127  12:53  Raven, Hellion  
  127  12:54  Raven  
  127  12:55  Command Center, Factory  
  127  12:58  Starport, Starport Tech Lab, Hellion  
  135  13:02  Supply Depot  
  135  13:14  Marauder, Hellion  
  135  13:19  Marauder  
  141  13:23  Raven  
  143  13:30  Supply Depot, Marine  
  144  13:35  Marine  
  144  13:37  Marine  
  144  13:39  Marine  
  147  13:48  Marine  
  148  13:52  Barracks  
  148  13:53  Marine  
  139  13:56  Supply Depot, Barracks Tech Lab  
  139  13:58  Marine  
  99  14:06  Marine  
  78  14:10  Marine  
  78  14:14  Marauder  
  78  14:16  Marauder  
  83  14:20  Siege Tank  
  86  14:26  Marine  
  86  14:28  Marine  
  88  14:35  Marine  
  88  14:38  Marauder  
  84  14:41  Medivac  
  84  14:43  Marine  
  84  14:44  Marauder  
  63  14:46  Marine  
  60  14:53  Marine  
  60  14:59  Marauder  
  50  15:12  Marine  
  39  15:15  Marauder  
  39  15:17  Marine  
  31  15:24  Marauder  
  31  15:26  Command Center  
Tags
 
Composition
Mech
Matchup
ТvТ
Opening
2 Factory
Spawn Locations
Cross Positions
Add a new tag
Caveats
  • Supply blocks, unpowered buildings, or Contaminate may cause inaccurate times.
  • Supply counts are checked every 10 seconds.